 Dungeon Crawl Stone Soup version 0.30-b1-2-g02819fbbbe (webtiles) character file.

Game seed: 7540535863016521550

5 raph the Caller (level 1, 0/13 HPs)
             Began as a Merfolk Summoner on Dec 5, 2023.
             Slain by a quokka (5 damage)
             ... on level 1 of the Dungeon.
             The game lasted 00:00:32 (112 turns).

raph the Caller (Merfolk Summoner)                   Turns: 112, Time: 00:00:33

Health: 0/13       AC:  2    Str:  8    XL:     1   Next: 80%
Magic:  2/3        EV: 12    Int: 14    God:
Gold:   19         SH:  0    Dex: 14    Spells: 3/4 levels left

rFire   . . .        (no weapon)
rCold   . . .        (no shield)
rNeg    . . .        a - +0 robe
rPois   .            (no helmet)
rElec   .            (no cloak)
rCorr   .            (no gloves)
SInv    .            (no boots)
Will    .....        (no amulet)
Stlth   ++           (no ring)
HPRegen 0.22/turn    (no ring)
MPRegen 0.08/turn

%: no passive effects
@: no status effects
A: (nimble swimmer 2), mertail
a: no special abilities


You were on level 1 of the Dungeon.
You visited 1 branch of the dungeon, and saw 1 of its levels.

You collected 19 gold pieces.

Inventory:

Armour
 a - a +0 robe (worn)
Scrolls
 c - a scroll of noise {unknown}
 d - a scroll of enchant weapon {unknown}
Potions
 b - a potion of magic


   Skills:
 - Level 2.6 Dodging
 - Level 2.1 Stealth
 - Level 2.0 Spellcasting
 + Level 4.3 Summonings


You had 3 spell levels left.
You knew the following spells:

 Your Spells              Type           Power      Damage    Failure   Level
a - Summon Small Mammal   Summ           52%        N/A       4%          1

Your spell library contained the following spells:

 Spells                   Type           Power      Damage    Failure   Level
 Call Imp                 Summ           26%        N/A       6%          2
 Call Canine Familiar     Summ           13%        N/A       12%         3
 Summon Guardian Golem    Hex/Summ       7%         N/A       30%         3
 Summon Lightning Spire   Summ/Air       7%         N/A       69%         4


Dungeon Overview and Level Annotations

Branches:
Dungeon (1/15)

Altars:


Innate Abilities, Weirdness & Mutations

((You are very nimble when in or above water. (Stealth+, EV+, Speed+++)))
Your lower body shifts to a powerful aquatic tail in water.


Message History

The bat barely misses your quokka.
A quokka comes into view.
Found a stone staircase leading down.
The bat closely misses your quokka.
Your quokka bites the bat.
The bat dies!
Your quokka disappears in a puff of smoke!
You see here a scroll labelled ECESIS ITOODO.
d - a scroll labelled ECESIS ITOODO Your quokka bites the frilled lizard!
The frilled lizard dies!
You swap places.
Found 6 javelins and a chain mail.
A kobold comes into view. It is wielding a +0 dagger.
The quokka bites you.
You hit the quokka.
The quokka is lightly wounded.
The quokka closely misses you. The quokka barely misses you.
The kobold throws a stone.
The stone barely misses you.
You hit the quokka.
The quokka is moderately wounded.
The quokka misses you.
The kobold throws a stone.
The stone closely misses you.
You closely miss the quokka.
The quokka is moderately wounded.
The quokka closely misses you.
The kobold throws a stone.
The stone closely misses you.
You hit the quokka.
The quokka is heavily wounded.
The quokka misses you. The quokka bites you.
The kobold hits you with a +0 dagger.
Casting: Summon Small Mammal (safe; 4% risk of failure)
Confirm with . or Enter, or press ? or * to list all spells.
The quokka barely misses you.
Your quokka closely misses the quokka.
The kobold barely misses you. The quokka closely misses you.
Your quokka misses the quokka. You completely miss the kobold.
The quokka bites you.
Your quokka misses the quokka.
Your rat bites the kobold.
The kobold closely misses you.
You barely miss the kobold.
The kobold is moderately wounded.
The quokka bites you.
You die...

######### #........
#........ #........
######........
..†##r.......
#..#K...>... .
#####..#@....[..
...#......rr.......
.....###.#######(##
# #.........#
#.......####.#######
#.......#...........
#....[..####.#######
#...... #. #.....#
#..... ##.###.#.#


You could see a quokka (ally target), a kobold (ally target), a friendly quokka
(summoned) and a friendly rat (summoned).

Vanquished Creatures
  A bat (D:1)
1 creature vanquished.

Vanquished Creatures (collateral kills)
  An endoplasm (D:1)
  A ball python (D:1)
  A bat (D:1)
  A frilled lizard (D:1)
  A rat (D:1)
5 creatures vanquished.

Grand Total: 6 creatures vanquished

Notes
Turn   | Place    | Note
-------+----------+-------------------------------------------
     0 | D:1      | raph the Merfolk Summoner began the quest for the Orb.
     0 | D:1      | Reached XP level 1. HP: 13/13 MP: 3/3
   112 | D:1      | Slain by a quokka

Illustrated notes

Levels and vault maps discovered:
D:1:      giann_bridges, layout_basic, minmay_crystal_room

Action                     || total
---------------------------++-------
  Melee: Unarmed           ||    18
   Cast: Summon Small Mamm ||     6
 Armour: Robe              ||     6
  Dodge: Dodged            ||    18
